 Dungeon Crawl Stone Soup version 0.28-a0-983-g1de4e0787c (webtiles) character file.

Game seed: 2705876317692377487

15239 HessuHobo the Protected (level 11, -27/107 HPs)
             Began as a Minotaur Fighter on Dec 3, 2021.
             Was the Champion of Okawaru.
             Annihilated by an enormous slime creature (68 damage)
             ... on level 11 of the Dungeon.
             The game lasted 00:25:46 (19160 turns).

HessuHobo the Protected (Minotaur Fighter)         Turns: 19160, Time: 00:25:46

Health: -27/107    AC: 16    Str: 24    XL:     11   Next: 99%
Magic:  14/14      EV:  7    Int:  5    God:    Okawaru [******]
Gold:   380        SH:  5    Dex: 14    Spells: 10/10 levels left

rFire   + . .      SeeInvis .   r - +12 broad axe "Woshol" {vamp, rPois Dex+3 Stlth+}
rCold   . . .      Faith    +   c - +0 buckler
rNeg    + . .      Spirit   .   o - +0 plate armour
rPois   +          Reflect  .   (helmet restricted)
rElec   .          Harm     .   D - scarf {+Inv}
rCorr   .          Rampage  .   (no gloves)
Will    .....                   (no boots)
Stlth   ..........              w - amulet of faith
HPRegen 0.27/turn               B - ring of protection from fire
MPRegen 0.14/turn               s - ring of positive energy

@: no status effects
A: horns 2, retaliatory headbutt
a: Renounce Religion, Evoke Invisibility, Heroism, Finesse, Duel


You were on level 11 of the Dungeon.
You worshipped Okawaru.
Okawaru was exalted by your worship.
You visited 2 branches of the dungeon, and saw 13 of its levels.

You collected 614 gold pieces.
You spent 234 gold pieces at shops.

Inventory:

Hand Weapons
 a - a +0 war axe
 k - a +3 whip of venom
 r - the +12 broad axe "Woshol" (weapon) {vamp, rPois Dex+3 Stlth+}
   (You bought it in a shop on level 5 of the Dungeon)

   It occasionally heals its wielder for a portion of the damage dealt when it
   wounds a living foe.
   Dex:       It affects your dexterity (+3).
   rPois:     It protects you from poison.
   Stlth:     It makes you more stealthy.
 N - the +4 hunting sling of Vumitsaob {flame, rElec rPois Dex+3}
   (You found it on level 11 of the Dungeon)

   Any ammunition fired from it burns those it strikes, dealing additional fire
   damage.
   Dex:       It affects your dexterity (+3).
   rElec:     It insulates you from electricity.
   rPois:     It protects you from poison.
Missiles
 u - 3 throwing nets (quivered)
Armour
 b - a +0 scale mail
 c - a +0 buckler (worn)
 i - a +0 chain mail
 o - a +0 plate armour (worn)
 D - a scarf of invisibility (worn)
 I - +0 steam dragon scales
 M - a +0 pair of gloves
Magical Staves
 C - a staff of death
Jewellery
 p - a ring of magical power
 s - a ring of positive energy (right hand)
 w - an amulet of faith (around neck)
 B - a ring of protection from fire (left hand)
 G - a ring of magical power
 L - a ring of magical power
Wands
 J - a wand of charming (5)
 K - a wand of flame (5)
Scrolls
 g - 3 scrolls of vulnerability
 h - 3 scrolls of fog
 j - 4 scrolls of teleportation
 l - a scroll of magic mapping {unknown}
 m - 3 scrolls of noise
 q - 2 scrolls of immolation
 t - a scroll of enchant weapon {unknown}
 v - a scroll of holy word {unknown}
 H - a scroll of blinking
Potions
 d - 6 potions of might
 e - a potion of flight {unknown}
 f - 3 potions of lignification
 n - 5 potions of curing
 x - a potion of berserk rage
 z - a potion of haste {unknown}
 A - a potion of heal wounds {unknown}
 F - a potion of ambrosia


   Skills:
 + Level 13.3 Fighting
 + Level 13.0 Axes
 + Level 13.3 Armour
 - Level 4.0 Shields
 - Level 6.0 Invocations


You had 10 spell levels left.
You didn't know any spells.
Your spell library contained the following spells:

 Spells                   Type           Power      Damage    Failure   Level
 Slow                     Hex            0%         N/A       99%         1
 Confusing Touch          Hex            0%         N/A       100%        3
 Dazzling Flash           Conj/Hex       0%         N/A       100%        3
 Vampiric Draining        Necr           0%         2d6       100%        3
 Agony                    Necr           0%         N/A       100%        5
 Silence                  Hex/Air        0%         N/A       100%        5
 Yara's Violent Unravell  Hex/Tmut       0%         3d3       100%        5


Dungeon Overview and Level Annotations

Branches:
Dungeon (12/15)            Temple (1/1) D:5            Lair (0/6) D:11
    Orc: D:9-12

Altars:
Ashenzari
Cheibriados
Dithmenos
Elyvilon
Fedhas
Gozag
Hepliaklqana
Kikubaaqudgha
Makhleb
Nemelex Xobeh
Okawaru
Qazlal
Ru
Sif Muna
Trog
Uskayaw
Vehumet
Wu Jian
Xom
Yredelemnul
Zin
The Shining One

Shops:
D:5 (   D:6 =

Annotations:
D:11 3 runed translucent doors, kwasso's ghost, journeyman GnWn


Innate Abilities, Weirdness & Mutations

You have a pair of horns on your head.
You reflexively headbutt those who attack you in melee.


Message History

Unknown command.
The slime creature hits you but does no damage.
Two slime creatures merge to form a very large slime creature.
You slash the slime creature!
The slime creature is moderately wounded.
You barely miss the very large slime creature.
You're too confused to move!
The slime creature hits you!
You slice the very large slime creature!!
The very large slime creature is moderately wounded.
You closely miss the slime creature.
The slime creature hits you but does no damage.
A very large slime creature splits.
A large slime creature splits.
You feel less invigorated.
You feel less confused.
Two slime creatures merge to form a large slime creature.
There is an open door here.
Two slime creatures merge to form a large slime creature.
Two slime creatures merge to form an enormous slime creature.
You slice the enormous slime creature!!
The enormous slime creature is moderately wounded.
You block the enormous slime creature's attack.
You slice the enormous slime creature!!
You feel better.
You headbutt the enormous slime creature!
The enormous slime creature is heavily wounded.
The enormous slime creature hits you!!
* * * LOW HITPOINT WARNING * * *
You slash the enormous slime creature!
Your headbutt misses the enormous slime creature.
The enormous slime creature is heavily wounded.
You block the enormous slime creature's attack.
You slice the enormous slime creature!!
You feel better.
You headbutt the enormous slime creature.
The enormous slime creature is heavily wounded.
The enormous slime creature barely misses you.
You slash the enormous slime creature!
You feel better.
The enormous slime creature is severely wounded.
The enormous slime creature hits you!!!
Ouch! That really hurt!
You die...

#.####.#......## ######'##
#...###### #.......#
#..)....# ## #.......#
#.......# #####. #.......#
#.......###.....
#.......###.......#...###.
#.......#.'J.>....'.### #.
#.......#J#J......### #.
#.......#@#.......# #.
#.......'.#.......# #.
#.......########### #.
######### ##


You could see an enormous slime creature.

Vanquished Creatures
  Harold (D:8)
  3 two-headed ogres
  A catoblepas (D:12)
  3 death yaks (D:11)
  Pikel (D:8)
  A cyclops (D:11)
  3 meliai (D:10)
  A troll (D:10)
  4 slime creatures (D:12)
  A wraith (D:9)
  A vampire (D:12)
  19 yaks
  A wyvern (D:7)
  A shadow (D:9)
  2 steam dragons
  3 vampire mosquitoes (D:11)
  Edmund (D:5)
  A water moccasin (D:7)
  2 ice beasts
  A sky beast (D:8)
  3 orc warriors
  A black bear (D:7)
  A hornet zombie (D:6)
  3 necrophages
  3 ogres
  2 lemures (D:8)
  3 centaurs
  2 phantoms
  3 kobold brigands
  3 bullfrogs
  2 scorpions
  A gnoll sergeant (D:7)
  A wyvern zombie (D:7)
  A water moccasin zombie (D:6)
  2 water moccasin skeletons
  A bullfrog zombie (D:6)
  5 centaur zombies
  3 hounds
  A jelly (D:4)
  6 orc priests
  A gnoll shaman (D:5)
  A scorpion zombie (D:5)
  A bullfrog skeleton (D:4)
  An iguana (D:6)
  11 orc wizards
  A hell rat (D:11)
  A howler monkey zombie (D:8)
  21 gnolls
  8 adders
  2 river rats (D:11)
  2 shadow imps
  An ufetubus (D:5)
  3 worms
  3 dart slugs
  20 orcs
  6 bats
  9 endoplasms
  4 giant cockroaches
  6 goblins
  5 hobgoblins
  4 quokkas
  7 ball pythons
  A frilled lizard (D:1)
  27 kobolds
  5 rats
249 creatures vanquished.

Notes
Turn   | Place    | Note
-------+----------+-------------------------------------------
     0 | D:1      | HessuHobo the Minotaur Fighter began the quest for the Orb.
     0 | D:1      | Reached XP level 1. HP: 19/19 MP: 0/0
   164 | D:1      | Reached XP level 2. HP: 27/27 MP: 1/1
   269 | D:1      | Found a faded altar of an unknown god.
   587 | D:1      | Reached XP level 3. HP: 29/33 MP: 2/2
  2044 | D:2      | Reached XP level 4. HP: 40/41 MP: 3/3
  3721 | D:4      | Noticed a necrophage
  3728 | D:4      | Killed a necrophage
  3729 | D:4      | Reached skill level 5 in Fighting
  3729 | D:4      | Reached skill level 5 in Armour
  3729 | D:4      | Reached XP level 5. HP: 42/48 MP: 4/4
  3835 | D:4      | Reached XP level 6. HP: 24/56 MP: 5/5
  4374 | D:4      | Reached skill level 5 in Axes
  4899 | D:4      | Found an opulent altar of Gozag.
  5481 | D:5      | Entered Level 5 of the Dungeon
  5591 | D:5      | Found a staircase to the Ecumenical Temple.
  5592 | D:5      | Noticed an ice beast
  5610 | D:5      | Killed an ice beast
  5611 | D:5      | Reached XP level 7. HP: 16/64 MP: 6/6
  5853 | Temple   | Entered the Ecumenical Temple
  5981 | Temple   | Became a worshipper of Warmaster Okawaru
  6180 | D:5      | Found a burning altar of Makhleb.
  6596 | D:5      | Found an ancient bone altar of Kikubaaqudgha.
  6820 | D:5      | Found Liheblarusch's Antique Weapon Emporium.
  6851 | D:5      | Noticed Edmund
  6865 | D:5      | Killed Edmund
  7222 | D:5      | Found a shadowy altar of Dithmenos.
  7399 | D:5      | Reached * piety under Okawaru
  7400 | D:5      | Reached XP level 8. HP: 44/73 MP: 7/7
  8209 | D:6      | Found Itraub's Jewellery Shoppe.
  9714 | D:7      | Reached XP level 9. HP: 54/82 MP: 8/8
  9896 | D:7      | Reached ** piety under Okawaru
 10229 | D:7      | Reached skill level 1 in Invocations
 10486 | D:7      | Reached *** piety under Okawaru
 10819 | D:7      | Reached skill level 10 in Fighting
 10819 | D:7      | Reached skill level 10 in Armour
 11528 | D:8      | Reached **** piety under Okawaru
 11761 | D:8      | Reached XP level 10. HP: 93/93 MP: 11/11
 11764 | D:8      | Found a sacrificial altar of Ru.
 11764 | D:8      | Found a hide-covered altar of Uskayaw.
 11921 | D:8      | Found a radiant altar of Vehumet.
 11989 | D:8      | Noticed Pikel
 12012 | D:8      | Killed Pikel
 12013 | D:8      | Reached skill level 10 in Axes
 12595 | D:8      | Noticed a two-headed ogre
 12619 | D:8      | Killed a two-headed ogre
 12795 | D:8      | Noticed Harold
 12818 | D:8      | Killed Harold
 12837 | D:8      | Reached ***** piety under Okawaru
 12838 | D:8      | Reached skill level 5 in Invocations
 13315 | D:8      | Found an ornate altar of the Wu Jian Council.
 13317 | D:8      | Found a blossoming altar of Fedhas.
 13318 | D:8      | Found a basalt altar of Yredelemnul.
 13629 | D:5      | Bought a bloodstained broad axe for 234 gold pieces
 13629 | D:5      | Identified the +12 broad axe "Woshol" {vamp, rPois Dex+3
                  | Stlth+} (You bought it in a shop on level 5 of the Dungeon)
 14038 | D:9      | Noticed a two-headed ogre
 14056 | D:9      | Killed a two-headed ogre
 14743 | D:10     | Entered Level 10 of the Dungeon
 15324 | D:10     | HP: 4/96 [meliai (2)]
 15785 | D:10     | Reached XP level 11. HP: 92/102 MP: 14/14
 16586 | D:11     | Noticed a death yak
 16597 | D:11     | Noticed a death yak
 16598 | D:11     | Killed a death yak
 16598 | D:11     | Noticed a death yak
 16610 | D:11     | Killed a death yak
 16610 | D:11     | Received a gift from Okawaru
 16624 | D:11     | Killed a death yak
 16639 | D:11     | Found a staircase to the Lair.
 16715 | D:11     | Found a runed translucent gate.
 16715 | D:11     | Found a runed translucent gate.
 16715 | D:11     | Found a runed translucent gate.
 16718 | D:11     | Noticed a two-headed ogre
 16720 | D:11     | Noticed kwasso's ghost (journeyman GnWn)
 16724 | D:11     | Killed a two-headed ogre
 16725 | D:11     | Noticed a minotaur
 17278 | D:11     | Received a gift from Okawaru
 17279 | D:11     | Reached ****** piety under Okawaru
 17564 | D:11     | Identified the +4 hunting sling of Vumitsaob {flame, rElec
                  | rPois Dex+3}
 18832 | D:12     | Noticed a catoblepas
 19110 | D:12     | Killed a catoblepas
 19110 | D:12     | Identified the +8 longbow of Defence by Offence {venom,
                  | Fragile rElec rPois Int+3 Dex+8} (Okawaru gifted it to you
                  | on level 12 of the Dungeon)
 19110 | D:12     | Received a gift from Okawaru
 19160 | D:11     | Annihilated by an enormous slime creature

Illustrated notes

Levels and vault maps discovered:
D:1:      dpeg_arrival_subterranean_lakeside_camping, layout_loops_ring,
          ebering_ecumenical_altar_rust, st_stairs_13
D:2:      layout_basic
D:3:      layout_basic
D:4:      layout_rooms, lemuel_coloured_pillars_altar, grunt_decor_fettered,
          minmay_misc_feat_pillars, hangedman_abyss_or_decor_lesser_grid
D:5:      layout_cave_pods, nicolae_kikubaaqudgha_miasma_corner,
          makhleb_blood_cavern_becter, kennysheep_mini, temple_green,
          gup_sewer_entry_glass, serial_shops, nicolae_shop_overgrown_old_shop,
          uniq_edmund
D:6:      layout_rooms, serial_shops, nicolae_shop_statue_plus
D:7:      layout_cave_pods
D:8:      layout_loops_ring, nicolae_vehumet_radiance,
          chequers_temple_overflow_minitemple, grunt_ministairs_2, uniq_pikel,
          uniq_harold
D:9:      layout_loops_cross
D:10:     layout_irregular_city, nicolae_sextant
D:11:     layout_roguey, dpeg_lair_monsters, maelrawn_ghost_gauntlet_escape,
          kennysheep_generic_room_9
D:12:     layout_basic, minmay_orc_entry_temple_large
Temple:   nicolae_temple_hex_pool

Skill      XL: |  1  2  3  4  5  6  7  8  9 10 11 |
---------------+----------------------------------+-----
Fighting       | 4 5 6 7 8 10 11 13 | 13.3
Armour         | 4 5 6 7 8 10 11 13 | 13.3
Shields        | 4 |  4.0
Axes           | 3 4 5 6 8 9 11 13 | 13.0
Invocations    | 3 5 6 |  6.0

Action                   |  1- 3 |  4- 6 |  7- 9 | 10-12 || total
-------------------------+-------+-------+-------+-------++-------
Melee: War axe           |    74 |       |       |       ||    74
       Headbutt          |    14 |    19 |    75 |    70 ||   178
       Whip              |    10 |   129 |   299 |    98 ||   536
       Broad axe         |       |       |       |   193 ||   193
Invok: Heroism           |       |       |       |     1 ||     1
       Finesse           |       |       |       |     1 ||     1
  Use: Scroll            |       |       |       |    13 ||    13
       Potion            |       |       |       |     2 ||     2
Armor: Scale mail        |    29 |       |       |       ||    29
       Chain mail        |     5 |    49 |       |       ||    54
       Plate armour      |       |    11 |   162 |   122 ||   295
Dodge: Dodged            |    35 |    41 |    76 |    52 ||   204
Block: Buckler           |    16 |    21 |    54 |    55 ||   146

Table legend: (Time is in decaauts)
 A = Elapsed time spent in this place.
 B = Non-inter-level travel time spent in this place.
 C = Inter-level travel time spent in this place.
 D = Time resting spent in this place.
 E = Time spent auto-exploring this place.
 F = Levels seen in this place.
 G = Mean time per level.
                   A        B        C        D        E       F      G
               +--------+--------+--------+--------+--------+-----+--------+
         Total |  19138 |  18461 |    677 |   9711 |   6606 |  13 | 1472.2 |
       Dungeon |  18979 |  18349 |    630 |   9711 |   6547 |  12 | 1581.6 |
        Temple |    158 |    111 |     47 |      0 |     59 |   1 |  158.0 |
               +--------+--------+--------+--------+--------+-----+--------+

Top non-repeatable levels by time:
     D:5: 2218 daAuts
     D:6: 2059 daAuts
    D:11: 2030 daAuts
     D:8: 1988 daAuts
     D:4: 1871 daAuts
     D:7: 1669 daAuts
     D:2: 1544 daAuts
     D:9: 1542 daAuts
     D:3: 1131 daAuts
    D:10: 985 daAuts
    D:12: 978 daAuts
     D:1: 959 daAuts
  Temple: 158 daAuts
